[Event "Titled Tuesday Blitz January 10 Late 2023"]
[White "Yuan, Qingyu"]
[Black "Jimenez Almeida, Luis David"]
[WhiteFideId "8609772"]
[BlackFideId "22242244"]
[WhiteElo "2373"]
[BlackElo "2242"]
[Result "1-0"]
[Round "08"]
[TimeControl "180+2"]
[Date "2023.01.10"]
[WhiteClock "0:00:07"]
[BlackClock "0:00:07"]

1. e4 c6 2. d4 Na6 3. Nf3 g6 4. c3 Nc7 5. Bd3 Bg7 6. h4 h5 7. Bg5 d6 8. Nbd2 Nf6 9. Qe2 Bg4 10. Nf1 O-O 11. Ne3 Qd7 12. Nxg4 Nxg4 13. O-O e5 14. Rad1 exd4 15. cxd4 Rfe8 16. Rfe1 Ne6 17. Bb1 Qc7 18. Bc1 c5 19. d5 Nd4 20. Qd3 b5 21. Ng5 Rab8 22. Qg3 a5 23. f3 Ne5 24. Be3 Nc4 25. Bf4 Rbd8 26. b3 Ne5 27. Kh1 a4 28. bxa4 bxa4 29. Bd3 Rb8 30. Bxe5 Bxe5 31. f4 Bg7 32. Rb1 a3 33. Bc4 Rb2 34. Qxa3 Rxb1 35. Rxb1 Rb8 36. Re1 Rb4 37. Bd3 Qb8 38. Qa6 Rb6 39. Qc4 Rb4 40. Qa6 Rb6 41. Qa4 Rb4 42. Qd7 Rb7 43. Qh3 Ra7 44. e5 Qb4 45. Rf1 dxe5 46. fxe5 Bxe5 47. Qc8+ Kg7 48. Qe8 Qb7 49. Qxe5+ Kh6 50. Qh8# 1-0


[Site "https://www.chess.com"]

[Event "Titled Tuesday Blitz January 10 Late 2023"]
[White "Kuznecovs, Nikita"]
[Black "Timmermans, Mark"]
[WhiteFideId "11604557"]
[BlackFideId "1026399"]
[WhiteElo "2287"]
[BlackElo "2392"]
[Result "1-0"]
[Round "08"]
[TimeControl "180+2"]
[Date "2023.01.10"]
[WhiteClock "0:00:16"]
[BlackClock "0:00:36"]

1. Nf3 Nf6 2. g3 e6 3. Bg2 d5 4. O-O Be7 5. c4 O-O 6. b3 c5 7. Bb2 b6 8. cxd5 Nxd5 9. d3 Bb7 10. Nbd2 Nc6 11. a3 Bf6 12. Qc1 Bxb2 13. Qxb2 Qe7 14. Rac1 Rac8 15. Nc4 Rfd8 16. Ne3 Nxe3 17. fxe3 e5 18. Nd2 f6 19. b4 cxb4 20. axb4 Rc7 21. Rc4 b5 22. Rc5 a6 23. Rfc1 Rdc8 24. Qc3 Qd7 25. Nb3 Qd8 26. Na5 Nd4 27. exd4 exd4 28. Qb3+ Kf8 29. Nxb7 Qe7 30. Rxc7 Rxc7 31. Rxc7 Qxc7 32. Qb2 Qe5 33. Nc5 Kf7 34. Nb3 Qe3+ 35. Kf1 Qh6 36. Qxd4 Qxh2 37. Bd5+ Ke7 38. Qc5+ Kd8 39. Qd6+ Ke8 40. Bc6+ Kf7 41. Qd7+ Kg6 42. Be4+ Kh6 43. Qf5 g6 44. Qf4+ Kg7 45. Nd4 Qh3+ 46. Kf2 Qd7 47. Nf3 Qa7+ 48. Qe3 Qe7 49. Qd4 h5 50. Kg2 Kh6 51. Nd2 f5 52. Bf3 Kh7 53. Nf1 Qc7 54. Ne3 a5 55. bxa5 Qxa5 56. Nd5 Kh6 57. Qf4+ Kg7 58. Qc7+ Qxc7 59. Nxc7 b4 60. Bd5 Kf6 61. Bb3 Ke5 62. Nd5 g5 63. Nxb4 Kd4 64. Bf7 h4 65. gxh4 gxh4 66. Bg6 Ke3 67. Kf1 f4 68. Be4 h3 69. Nc2+ Kd2 70. Nd4 Ke3 71. Ne6 h2 72. Bf3 Kd2 73. Nxf4 Ke3 74. Ne6 Kd2 75. d4 1-0


[Site "https://www.chess.com"]

[Event "Titled Tuesday Blitz January 10 Late 2023"]
[White "Ivic, Velimir"]
[Black "Domingo Nunez, Ruben"]
[WhiteFideId "950122"]
[BlackFideId "22245570"]
[WhiteElo "2595"]
[BlackElo "2416"]
[Result "1-0"]
[Round "08"]
[TimeControl "180+2"]
[Date "2023.01.10"]
[WhiteClock "0:02:09"]
[BlackClock "0:01:30"]

1. d4 g6 2. c4 Bg7 3. Nc3 d6 4. e4 Nd7 5. Nf3 e5 6. Be2 Ngf6 7. O-O O-O 8. Qc2 exd4 9. Nxd4 Re8 10. Be3 Nc5 11. f3 Nh5 12. Qd2 Ne6 13. Nxe6 Bxe6 14. Rad1 Be5 15. f4 Bg7 16. f5 Bd7 17. Bxh5 gxh5 18. Nd5 Rxe4 19. f6 Bf8 20. Bh6 Rg4 21. h3 Rg6 22. Bxf8 Kxf8 23. Ne7 Be6 24. Nxg6+ hxg6 25. Rde1 Kg8 26. Rxe6 fxe6 27. Qh6 1-0


[Site "https://www.chess.com"]

[Event "Titled Tuesday Blitz January 10 Late 2023"]
[White "Holt, Conrad"]
[Black "Mikhailov, Viacheslav"]
[WhiteFideId "2034387"]
[BlackFideId "4187369"]
[WhiteElo "2540"]
[BlackElo "2428"]
[Result "1-0"]
[Round "08"]
[TimeControl "180+2"]
[Date "2023.01.10"]
[WhiteClock "0:00:12"]
[BlackClock "0:00:01"]

1. d4 c5 2. d5 e5 3. c4 d6 4. e4 Be7 5. Nf3 a6 6. Be2 Bg4 7. Qb3 Bxf3 8. Qxf3 Bg5 9. Bxg5 Qxg5 10. O-O Ne7 11. Qb3 Nd7 12. Qxb7 Rd8 13. Qxa6 Nf6 14. Qa4+ Rd7 15. Nc3 O-O 16. Qc2 Ng6 17. Kh1 Qh4 18. g3 Qh3 19. Qd2 Rb8 20. b3 h5 21. Qg5 Nf4 22. gxf4 Qxc3 23. Rg1 Ne8 24. fxe5 dxe5 25. Bxh5 Rb6 26. Qg3 Qb2 27. Rab1 Qxa2 28. Qxe5 Nf6 29. Bf3 Rd8 30. Qg5 g6 31. e5 Qxf2 32. Rbf1 Qc2 33. exf6 Rdd6 34. Bg2 Qxb3 35. Rf4 1-0


[Site "https://www.chess.com"]

[Event "Titled Tuesday Blitz January 10 Late 2023"]
[White "Vlassov, Nikolai"]
[Black "Kuznetsov, Felix"]
[WhiteFideId "4103360"]
[BlackFideId "34147990"]
[WhiteElo "2283"]
[BlackElo "2254"]
[Result "1-0"]
[Round "08"]
[TimeControl "180+2"]
[Date "2023.01.10"]
[WhiteClock "0:00:53"]
[BlackClock "0:00:02"]

1. e4 c5 2. c3 d5 3. exd5 Qxd5 4. d4 Nf6 5. Nf3 Bg4 6. dxc5 Qxd1+ 7. Kxd1 Nc6 8. b4 e5 9. h3 Bxf3+ 10. gxf3 O-O-O+ 11. Kc2 Nd5 12. Bc4 Be7 13. Na3 f6 14. Bxd5 Rxd5 15. Be3 Rhd8 16. Rad1 Rxd1 17. Rxd1 Rxd1 18. Kxd1 Kd7 19. Kc2 Ke6 20. Nc4 Kd5 21. Kb3 f5 22. Bc1 h5 23. a4 Ke6 24. Be3 g5 25. b5 Nd8 26. c6 bxc6 27. Bxa7 cxb5 28. axb5 Nb7 29. Bb6 g4 30. fxg4 fxg4 31. hxg4 h4 32. Ne3 h3 33. Nf1 Kd5 34. c4+ Ke4 35. Nh2 Nc5+ 36. Kc2 Ne6 37. Be3 Nc5 38. b6 1-0


[Site "https://www.chess.com"]

[Event "Titled Tuesday Blitz January 10 Late 2023"]
[White "Kozak, Adam"]
[Black "Jaferian, Koosha"]
[WhiteFideId "753246"]
[BlackFideId "12507440"]
[WhiteElo "2572"]
[BlackElo "2233"]
[Result "1-0"]
[Round "08"]
[TimeControl "180+2"]
[Date "2023.01.10"]
[WhiteClock "0:00:28"]
[BlackClock "0:00:01"]

1. e4 c6 2. a3 d5 3. exd5 cxd5 4. d4 Nc6 5. Nf3 Bg4 6. Be2 e6 7. h3 Bh5 8. c3 Bd6 9. Nbd2 Nf6 10. O-O O-O 11. Re1 Rb8 12. Nf1 b5 13. Ng3 Bg6 14. Nh4 a5 15. Nxg6 hxg6 16. Bd3 b4 17. axb4 axb4 18. Qf3 bxc3 19. bxc3 Ne7 20. h4 Qc7 21. Bg5 Qxc3 22. Rad1 Bxg3 23. Qxg3 Nf5 24. Qh3 Ne4 25. Bf4 Rb3 26. h5 gxh5 27. Qxh5 Nf6 28. Qg5 Ne4 29. Qh5 Nf6 30. Qg5 Ne4 31. Bxe4 dxe4 32. d5 Qf6 33. d6 Rd8 34. Qg4 Rd7 35. Rxe4 Rb8 36. Rc4 Qb2 37. Rc5 Rbd8 38. Be5 Qb3 39. Rdc1 Qd3 40. Rc8 g6 41. Qg5 1-0


[Site "https://www.chess.com"]

[Event "Titled Tuesday Blitz January 10 Late 2023"]
[White "Kazakouski, Valery"]
[Black "Sourath Biswas"]
[WhiteFideId "13507443"]
[BlackFideId "35091484"]
[WhiteElo "2539"]
[BlackElo "2281"]
[Result "1-0"]
[Round "08"]
[TimeControl "180+2"]
[Date "2023.01.10"]
[WhiteClock "0:00:45"]
[BlackClock "0:00:08"]

1. Nf3 Nf6 2. c4 g6 3. g3 Bg7 4. Bg2 O-O 5. O-O d6 6. d4 Nbd7 7. Nc3 e5 8. e4 b6 9. Re1 Bb7 10. h3 exd4 11. Nxd4 Re8 12. Bf4 Nc5 13. f3 Nh5 14. Nde2 Nxf4 15. Nxf4 Qg5 16. Kh2 Be5 17. Nfe2 Bg7 18. Qc2 h5 19. h4 Qe5 20. Rad1 a5 21. b3 Na6 22. Nd5 Nb4 23. Qd2 Nxd5 24. cxd5 a4 25. b4 a3 26. Rc1 Rec8 27. f4 Qe8 28. Nd4 Ra4 29. Nc6 Qd7 30. e5 dxe5 31. fxe5 Bxc6 32. Rxc6 Rd8 33. Qc3 Ra7 34. Qc4 Qf5 35. e6 b5 36. e7 Re8 37. Qc5 Be5 38. Qxa7 Bxg3+ 39. Kxg3 Qg4+ 40. Kf2 Qxh4+ 41. Kf1 Qf4+ 42. Qf2 1-0


[Site "https://www.chess.com"]

[Event "Titled Tuesday Blitz January 10 Late 2023"]
[White "Klose, Eli"]
[Black "Makridis, Dimitrios"]
[WhiteFideId "16242955"]
[BlackFideId "25864475"]
[WhiteElo "1519"]
[BlackElo "2356"]
[Result "1-0"]
[Round "08"]
[TimeControl "180+2"]
[Date "2023.01.10"]
[WhiteClock "0:00:14"]
[BlackClock "0:00:11"]

1. e4 c5 2. Nc3 Nc6 3. g3 g6 4. d3 Bg7 5. Be3 d6 6. Qd2 e6 7. Bg2 Nge7 8. Nge2 O-O 9. Bh6 b6 10. h4 f6 11. Bxg7 Kxg7 12. f4 d5 13. h5 d4 14. Nd1 e5 15. fxe5 Nxe5 16. hxg6 hxg6 17. Qh6+ Kf7 18. Nf4 Bg4 19. Qh7+ Ke8 20. Nf2 Qd7 21. Nxg4 Qxg4 22. Kf2 Rd8 23. Rh4 Qg5 24. Bh3 f5 25. exf5 Nxf5 26. Bxf5 Rxf5 27. Re1 Qe7 28. Kg2 Kd7 29. Qxe7+ Kxe7 30. Nxg6+ Kd6 31. Nxe5 Rxe5 32. Rh6+ Kd5 33. Rxe5+ Kxe5 34. Rh7 a5 35. a4 Kd5 36. b3 Re8 37. Kf3 Re1 38. Rh6 Rf1+ 39. Ke2 Rg1 40. Rg6 Rg2+ 41. Kd1 Rg1+ 42. Kd2 Rg2+ 43. Kc1 Rg1+ 44. Kb2 Rg2 45. g4 Rg1 46. Rxb6 Rxg4 47. Rb5 Rg2 48. Rxa5 Kc6 49. Ra6+ Kd5 50. Rh6 Rg7 51. Rh5+ Kc6 52. Rh6+ Kd5 53. b4 cxb4 54. Kb3 Rc7 55. Rh5+ Kd6 56. Rh2 Rc3+ 57. Kxb4 Rc8 58. Rh4 Kd5 59. Rh5+ Kd6 60. Kb3 Rc7 61. Rb5 Kc6 62. Rb4 Kd6 63. Rxd4+ Ke5 64. Rb4 Rb7 65. Rxb7 Kd4 66. Rb4+ Ke3 67. a5 Kd2 68. a6 Kc1 69. a7 Kb1 70. a8=Q Kc1 71. Qa1+ Kd2 72. c4 Ke3 73. c5 Kxd3 74. Rd4+ Ke2 75. Qb2+ Ke3 76. Qc3+ Ke2 77. Rd2+ 1-0


[Site "https://www.chess.com"]

[Event "Titled Tuesday Blitz January 10 Late 2023"]
[White "Adewumi, Tanitoluwa"]
[Black "Borges Feria, Yasel"]
[WhiteFideId "30966396"]
[BlackFideId "3504921"]
[WhiteElo "2283"]
[BlackElo "2439"]
[Result "0-1"]
[Round "08"]
[TimeControl "180+2"]
[Date "2023.01.10"]
[WhiteClock "0:00:03"]
[BlackClock "0:00:27"]

1. e4 c5 2. Nf3 d6 3. Bb5+ Nd7 4. c3 Nf6 5. Bd3 b6 6. O-O Bb7 7. Re1 e5 8. Bc2 Be7 9. d4 O-O 10. Nbd2 cxd4 11. cxd4 Rc8 12. d5 Qc7 13. Bd3 Nc5 14. Bf1 Ba6 15. Bxa6 Nxa6 16. Qe2 Qb7 17. b3 Nb4 18. a3 Nc2 19. Bb2 Nxa1 20. Bxa1 b5 21. b4 Rc2 22. Qd1 Rfc8 23. Nb3 Qb6 24. Nc5 Ra2 25. Nd3 Rcc2 26. Rf1 Nxe4 27. Qe1 Ng5 28. Ndxe5 dxe5 29. Qxe5 Nxf3+ 30. gxf3 Qg6+ 31. Kh1 Rxf2 32. Rg1 Rxh2+ 0-1


[Site "https://www.chess.com"]

[Event "Titled Tuesday Blitz January 10 Late 2023"]
[White "Pham, Khoi"]
[Black "Karacsonyi, Gellert"]
[WhiteFideId "1054988"]
[BlackFideId "764620"]
[WhiteElo "2355"]
[BlackElo "2385"]
[Result "1-0"]
[Round "08"]
[TimeControl "180+2"]
[Date "2023.01.10"]
[WhiteClock "0:00:59"]
[BlackClock "0:00:03"]

1. d4 Nf6 2. c4 e6 3. Nc3 Bb4 4. Qc2 O-O 5. e4 d5 6. e5 Ne4 7. Bd3 c5 8. Nf3 cxd4 9. Nxd4 Qh4 10. O-O Nc6 11. Nxc6 bxc6 12. Nxe4 dxe4 13. Bxe4 Rb8 14. Be3 Ba6 15. a3 Be7 16. Rfd1 Rbd8 17. Bxa7 Qh5 18. f4 Rxd1+ 19. Rxd1 f6 20. Rd7 Rf7 21. Qd1 Qh6 22. Rxe7 Rxe7 23. Qd8+ Kf7 24. Bc5 g5 25. Qxe7+ Kg8 26. Qe8+ 1-0


[Site "https://www.chess.com"]

[Event "Titled Tuesday Blitz January 10 Late 2023"]
[White "Domingo Nunez, Alejandro"]
[Black "Yang, Kevin"]
[WhiteFideId "22245561"]
[BlackFideId "30908485"]
[WhiteElo "2338"]
[BlackElo "2096"]
[Result "1-0"]
[Round "08"]
[TimeControl "180+2"]
[Date "2023.01.10"]
[WhiteClock "0:01:29"]
[BlackClock "0:00:05"]

1. Nf3 Nf6 2. g3 d5 3. Bg2 Bf5 4. O-O e6 5. d3 h6 6. b3 Be7 7. Bb2 O-O 8. Nbd2 Nbd7 9. Ne5 Nxe5 10. Bxe5 c6 11. e4 Bh7 12. Qe2 Qa5 13. a3 dxe4 14. d4 Qc3 15. Nc4 b5 16. d5 Qxa1 17. Bxa1 bxc4 18. dxe6 cxb3 19. cxb3 Rae8 20. exf7+ Rxf7 21. Qc4 Bxa3 22. b4 Nd5 23. Qxc6 Rd8 24. Rd1 Rfd7 25. Bh3 Rd6 26. Qc4 Kh8 27. Be5 Ne3 28. Rxd6 Nxc4 29. Rxd8+ Bg8 30. Bc3 Kh7 31. Bf5+ g6 32. Rd7+ 1-0


[Site "https://www.chess.com"]

[Event "Titled Tuesday Blitz January 10 Late 2023"]
[White "Goryachkina, Aleksandra"]
[Black "Karas, Marek"]
[WhiteFideId "4147103"]
[BlackFideId "14928558"]
[WhiteElo "2571"]
[BlackElo "2227"]
[Result "1-0"]
[Round "08"]
[TimeControl "180+2"]
[Date "2023.01.10"]
[WhiteClock "0:00:39"]
[BlackClock "0:02:08"]

1. d4 Nf6 2. c4 e6 3. Nc3 d5 4. cxd5 Nxd5 5. e4 Nxc3 6. bxc3 c5 7. Nf3 cxd4 8. cxd4 Bb4+ 9. Bd2 Bxd2+ 10. Qxd2 O-O 11. Bc4 Nd7 12. O-O b6 13. Rad1 Bb7 14. Rfe1 Rc8 15. Bb3 h6 16. h3 Nf6 17. Qf4 Nh5 18. Qh2 Nf6 19. d5 exd5 20. e5 Nd7 21. Nd4 Nc5 22. Re3 Ne6 23. Nf5 Kh8 24. Nd6 Rc7 25. f4 Nc5 26. f5 Qg5 27. Ree1 Ne4 28. Nxe4 dxe4 29. e6 fxe6 30. Qxc7 Ba8 31. Bxe6 e3 32. Bd5 Bxd5 33. Rxd5 Re8 34. Qd7 Re4 35. Qd8+ 1-0


[Site "https://www.chess.com"]

[Event "Titled Tuesday Blitz January 10 Late 2023"]
[White "Skvortsov, Andrei"]
[Black "Ansh M Shah"]
[WhiteFideId "24108600"]
[BlackFideId "25033379"]
[WhiteElo "2313"]
[BlackElo "2171"]
[Result "1/2-1/2"]
[Round "08"]
[TimeControl "180+2"]
[Date "2023.01.10"]
[WhiteClock "0:00:11"]
[BlackClock "0:00:06"]

1. d4 Nf6 2. c4 e6 3. g3 d5 4. Bg2 Be7 5. Nf3 O-O 6. O-O dxc4 7. a4 Nbd7 8. Na3 Rb8 9. Nxc4 b6 10. Nfe5 Nxe5 11. Nxe5 Bb7 12. Bxb7 Rxb7 13. e3 c5 14. Qf3 Rc7 15. a5 Qd5 16. axb6 axb6 17. Qxd5 Nxd5 18. Ra6 Rb7 19. Nd3 cxd4 20. exd4 Bf6 21. Be3 Rc8 22. Rc1 Rxc1+ 23. Bxc1 h6 24. Be3 Rc7 25. Nf4 Nxe3 26. fxe3 Rc1+ 27. Kf2 Rc2+ 28. Kf3 Rxb2 29. h4 g6 30. h5 g5 31. Nd3 Rb3 32. Ke2 g4 33. Nf2 Bg5 34. Nxg4 Kg7 35. Ra7 b5 36. Ne5 Rxe3+ 37. Kf2 Kg8 38. Nxf7 Re4 39. Nxg5 hxg5 40. Rd7 b4 41. Kf3 Re1 42. Kg4 e5 43. dxe5 Rxe5 44. h6 Rb5 45. Rg7+ Kh8 46. Rc7 b3 47. Rc1 b2 48. Rb1 Kh7 49. Kh5 g4+ 50. Kxg4 Kxh6 51. Kf4 Kg6 52. Ke4 Kg5 53. Kd4 Kg4 54. Kc3 Rb7 55. Rxb2 Rxb2 56. Kxb2 Kxg3 1/2-1/2


[Site "https://www.chess.com"]

[Event "Titled Tuesday Blitz January 10 Late 2023"]
[White "Jones, Gawain C B"]
[Black "TheKnightOfBosnia"]
[WhiteFideId "409561"]
[WhiteElo "2618"]
[BlackElo "2537"]
[Result "1-0"]
[Round "08"]
[TimeControl "180+2"]
[Date "2023.01.10"]
[WhiteClock "0:00:38"]
[BlackClock "0:00:18"]

1. e4 e5 2. Nf3 Nc6 3. Bb5 a6 4. Ba4 Nf6 5. O-O b5 6. Bb3 Bb7 7. Ng5 d5 8. exd5 Nd4 9. Re1 Bd6 10. d3 Nxb3 11. axb3 h6 12. Ne4 Nxd5 13. Nxd6+ Qxd6 14. d4 O-O 15. Rxe5 c5 16. c4 cxd4 17. Rxd5 Bxd5 18. cxd5 Qxd5 19. Nd2 Rfe8 20. Nf3 d3 21. Be3 a5 22. Nd4 a4 23. Qxd3 axb3 24. Rd1 Ra2 25. Qd2 Rc8 26. h3 Qc4 27. Nf5 Rca8 28. Bxh6 Qc2 29. Qd4 Qxd1+ 30. Qxd1 Ra1 31. Bc1 g6 32. Nd4 Rc8 33. Nxb3 Rb1 34. Kh2 1-0


[Site "https://www.chess.com"]

[Event "Titled Tuesday Blitz January 10 Late 2023"]
[White "Janaszak, Dawid"]
[Black "Fernandez Guillen, Ernesto J."]
[WhiteFideId "1119206"]
[BlackFideId "3512428"]
[WhiteElo "2316"]
[BlackElo "2477"]
[Result "0-1"]
[Round "08"]
[TimeControl "180+2"]
[Date "2023.01.10"]
[WhiteClock "0:00:06"]
[BlackClock "0:00:35"]

1. e4 e5 2. Nf3 Nc6 3. d4 exd4 4. Nxd4 g6 5. Nc3 Bg7 6. Be3 Nge7 7. h4 h5 8. Qd2 d5 9. O-O-O O-O 10. Nxc6 bxc6 11. Bh6 Be6 12. Bxg7 Kxg7 13. Na4 Kg8 14. Nc5 Rb8 15. Bd3 Qd6 16. Nxe6 Qxe6 17. Qc3 Qd6 18. Rhe1 d4 19. Qd2 c5 20. Bc4 Rb4 21. b3 Rfb8 22. e5 Qb6 23. Qd3 Qa5 24. e6 f6 25. a4 Kg7 26. g4 hxg4 27. h5 gxh5 28. Rh1 Rh8 29. f3 g3 30. Rh4 Rxc4 31. Qxc4 Nf5 32. Rh3 h4 33. Qd5 Nd6 34. Rxd4 Qe1+ 35. Rd1 Qe3+ 36. Kb1 g2 37. Qc6 g1=Q 38. Qxc7+ Kg6 39. Rxg1+ Qxg1+ 40. Ka2 Qg2 41. Qxd6 Qxh3 42. e7 Re8 43. Qd3+ Qf5 44. Qd8 Kf7 45. Qd6 Qxc2+ 0-1


[Site "https://www.chess.com"]

[Event "Titled Tuesday Blitz January 10 Late 2023"]
[White "Maksimovic, Bojan"]
[Black "Aggelis, Nikolaos"]
[WhiteFideId "14408120"]
[BlackFideId "4213220"]
[WhiteElo "2486"]
[BlackElo "2270"]
[Result "1-0"]
[Round "08"]
[TimeControl "180+2"]
[Date "2023.01.10"]
[WhiteClock "0:02:18"]
[BlackClock "0:00:06"]

1. e4 c6 2. d4 d5 3. Nc3 dxe4 4. Nxe4 Nf6 5. Nxf6+ exf6 6. c3 Bd6 7. Bd3 h5 8. Ne2 h4 9. h3 O-O 10. Qc2 Nd7 11. O-O Re8 12. Bd2 Nf8 13. Rae1 Be6 14. f4 b5 15. b3 a6 16. f5 Bd7 17. c4 c5 18. d5 bxc4 19. bxc4 Rb8 20. Nc3 Be5 21. Ne4 Rb2 22. Qc1 Qb6 23. Be3 Rc8 24. Rf2 Rxf2 25. Bxf2 Bxf5 26. Nxc5 Bxd3 27. Nxd3 Bd4 28. c5 Bxf2+ 29. Kxf2 Qa5 30. Qc4 Nd7 31. Rc1 Qd2+ 32. Kg1 Qe3+ 33. Kh1 Nb6 34. Qb3 Nd7 35. c6 Ne5 36. Rd1 Nxd3 37. Qxd3 Qe5 38. d6 1-0


[Site "https://www.chess.com"]

[Event "Titled Tuesday Blitz January 10 Late 2023"]
[White "Suvorov, Alexander"]
[Black "Tanenbaum, Zachary"]
[WhiteFideId "12977063"]
[BlackFideId "2060850"]
[WhiteElo "2338"]
[BlackElo "2261"]
[Result "0-1"]
[Round "08"]
[TimeControl "180+2"]
[Date "2023.01.10"]
[WhiteClock "0:00:04"]
[BlackClock "0:00:12"]

1. c4 e5 2. Nc3 Nc6 3. Nf3 Nf6 4. d3 Bb4 5. Bd2 d5 6. cxd5 Nxd5 7. g3 O-O 8. Bg2 Nxc3 9. Bxc3 Bxc3+ 10. bxc3 Re8 11. O-O Bf5 12. Nd2 Qd7 13. Rb1 Rab8 14. Qa4 Nd4 15. Qd1 Nxe2+ 16. Qxe2 Bxd3 17. Qe3 Bxf1 18. Nxf1 b6 19. Qe4 Rbd8 20. h4 c5 21. Ne3 Qd3 22. Qxd3 Rxd3 23. c4 Rd2 24. Ra1 e4 25. a4 g6 26. g4 Red8 27. Bxe4 R8d4 28. Bd5 Rf4 29. Rf1 Ra2 30. Bc6 h5 31. gxh5 gxh5 32. Kg2 Rxh4 33. Kg3 Rd4 34. Rh1 Rd6 35. Bd5 Rg6+ 36. Kf3 Rf6+ 37. Ke4 Rfxf2 38. Rxh5 Rxa4 39. Nf5 Raa2 40. Ke5 Rae2+ 41. Kd6 a5 42. Rg5+ Kf8 43. Rh5 Rh2 44. Rg5 a4 45. Rg7 Rh6+ 46. Kd7 Rf6 47. Rg5 Re5 48. Rg1 Rfxf5 49. Ra1 Re7+ 50. Kd6 Ra7 51. Kc6 Rf6+ 52. Kb5 Ra5# 0-1


[Site "https://www.chess.com"]

[Event "Titled Tuesday Blitz January 10 Late 2023"]
[White "Klukin, Kirill"]
[Black "Karttunen, Mika"]
[WhiteFideId "24199273"]
[BlackFideId "502081"]
[WhiteElo "2390"]
[BlackElo "2490"]
[Result "1/2-1/2"]
[Round "08"]
[TimeControl "180+2"]
[Date "2023.01.10"]
[WhiteClock "0:00:09"]
[BlackClock "0:00:20"]

1. e4 e5 2. Nf3 Nc6 3. Bc4 Bc5 4. b4 Bxb4 5. c3 Be7 6. d4 Na5 7. Be2 d6 8. dxe5 dxe5 9. Qxd8+ Bxd8 10. Nxe5 Nf6 11. f3 Nd7 12. Nd3 Nb6 13. Nd2 O-O 14. Nb3 Nac4 15. Bf4 Re8 16. Kf2 c6 17. Rhd1 Na4 18. Ndc5 Ncb2 19. Nxa4 Nxa4 20. Rac1 Bb6+ 21. Be3 Be6 22. c4 Bxe3+ 23. Kxe3 f5 24. c5 fxe4 25. fxe4 Rad8 26. Rxd8 Rxd8 27. Bc4 Bxc4 28. Rxc4 Nb2 29. Rd4 Nd1+ 30. Kd3 Nb2+ 31. Kc3 Nd1+ 32. Kd3 Nb2+ 33. Kc3 Nd1+ 34. Kd3 1/2-1/2


[Site "https://www.chess.com"]

[Event "Titled Tuesday Blitz January 10 Late 2023"]
[White "Ruiz Castillo, Joshua Daniel"]
[Black "Bayo Milagro, Alvaro"]
[WhiteFideId "4400704"]
[BlackFideId "22275240"]
[WhiteElo "2459"]
[BlackElo "2287"]
[Result "1-0"]
[Round "08"]
[TimeControl "180+2"]
[Date "2023.01.10"]
[WhiteClock "0:00:54"]
[BlackClock "0:00:03"]

1. b3 d5 2. Bb2 Bg4 3. f3 Bh5 4. h4 f6 5. d4 Nc6 6. e3 e6 7. Nc3 Bd6 8. Qd2 Bg3+ 9. Kd1 Nge7 10. Nge2 Bd6 11. Kc1 Qd7 12. g4 Bf7 13. h5 O-O-O 14. a3 e5 15. Kb1 f5 16. g5 g6 17. f4 exd4 18. exd4 gxh5 19. Ng3 h4 20. Rxh4 Ng6 21. Rh5 Bxf4 22. Qf2 Rde8 23. Nce2 Be3 24. Qxf5 Be6 25. Qd3 Bg4 26. Rh1 Rhf8 27. Ka2 Bxg5 28. Bc1 Rf3 29. Qb5 Bxc1 30. Rxc1 a6 31. Qa4 Rf2 32. Nc3 Re3 33. Nge2 Bxe2 34. Nxe2 Rexe2 35. Bh3 Qxh3 36. Rxh3 Rxc2+ 37. Rxc2 Rxc2+ 38. Kb1 Rd2 39. b4 Nf4 40. Rxh7 Nd3 41. b5 Rb2+ 42. Ka1 Rxb5 43. Qc2 Nb2 44. Rh8+ Kd7 45. Qf5+ Kd6 1-0


[Site "https://www.chess.com"]

[Event "Titled Tuesday Blitz January 10 Late 2023"]
[White "Sielecki, Christof"]
[Black "Martinez Ramirez, Lennis"]
[WhiteFideId "4620437"]
[BlackFideId "3509079"]
[WhiteElo "2419"]
[BlackElo "2426"]
[Result "1-0"]
[Round "08"]
[TimeControl "180+2"]
[Date "2023.01.10"]
[WhiteClock "0:00:46"]
[BlackClock "0:00:58"]

1. e4 c5 2. Nf3 d6 3. Bb5+ Bd7 4. Bxd7+ Qxd7 5. c4 Nc6 6. Nc3 g6 7. d4 cxd4 8. Nxd4 Bg7 9. Be3 Nh6 10. f3 f5 11. Qd2 Nf7 12. exf5 gxf5 13. O-O O-O 14. f4 Rac8 15. b3 e6 16. Rad1 a6 17. Rf3 Qe7 18. Rg3 Kh8 19. Nd5 exd5 20. Nxf5 Qf6 21. Nxg7 dxc4 22. Nh5 Qf5 23. Bd4+ Nfe5 24. fxe5 dxe5 25. Qh6 Rg8 26. Rf1 Rg6 27. Rxg6 Qxg6 28. Rf8+ 1-0


[Site "https://www.chess.com"]

[Event "Titled Tuesday Blitz January 10 Late 2023"]
[White "Gubajdullin, Alexei"]
[Black "Przybylski, Wojciech"]
[WhiteFideId "4141202"]
[BlackFideId "1117599"]
[WhiteElo "2285"]
[BlackElo "2321"]
[Result "1-0"]
[Round "08"]
[TimeControl "180+2"]
[Date "2023.01.10"]
[WhiteClock "0:00:55"]
[BlackClock "0:00:01"]

1. d4 Nf6 2. Nf3 d5 3. Bf4 Bg4 4. e3 e6 5. c4 Nbd7 6. Nc3 Be7 7. Be2 O-O 8. Qb3 b6 9. cxd5 exd5 10. Nxd5 Nxd5 11. Qxd5 Bb4+ 12. Kf1 c6 13. Qxc6 Rc8 14. Qb5 Qe7 15. Ne5 Be6 16. Nc6 Rxc6 17. Qxc6 Nf6 18. Qc7 Qe8 19. Qxa7 Nd5 20. Be5 Qc6 21. Qa6 f6 22. Bg3 f5 23. Be5 f4 24. e4 Ne3+ 25. fxe3 fxe3+ 26. Kg1 Qxe4 27. Qd3 Qh4 28. Qxe3 Bd2 29. Qg3 Qh6 30. h4 Be3+ 31. Kh2 Bf2 32. Qg5 Qxg5 33. hxg5 Bd5 34. Bf3 Be6 35. Rhf1 Be3 36. d5 Bf5 37. d6 Re8 38. Bd5+ Kh8 39. Rxf5 1-0


[Site "https://www.chess.com"]

[Event "Titled Tuesday Blitz January 10 Late 2023"]
[White "Barrientos, Sergio E"]
[Black "Petukhov, Dmitry"]
[WhiteFideId "4401824"]
[BlackFideId "4142748"]
[WhiteElo "2479"]
[BlackElo "2350"]
[Result "0-1"]
[Round "08"]
[TimeControl "180+2"]
[Date "2023.01.10"]
[WhiteClock "0:00:25"]
[BlackClock "0:00:11"]

1. d4 Nf6 2. Nf3 g6 3. Bg5 Ne4 4. Bf4 Bg7 5. Nbd2 d5 6. e3 Nxd2 7. Qxd2 O-O 8. h3 c5 9. c3 cxd4 10. exd4 Nc6 11. Bd3 Re8 12. O-O Bf5 13. Bxf5 gxf5 14. Rae1 e6 15. Re3 Kh8 16. Rfe1 Rg8 17. Ng5 Qf6 18. Rg3 h6 19. Nf3 Kh7 20. h4 Bf8 21. Qe2 Rxg3 22. fxg3 Bg7 23. Rf1 Rg8 24. Kh2 Bf8 25. Be5 Nxe5 26. Nxe5 Bd6 27. Rf4 Qg7 28. Qe3 f6 29. Nd3 Bxf4 30. Nxf4 e5 31. Nxd5 f4 32. Qd3+ Kh8 33. h5 fxg3+ 34. Kg1 Qg5 35. Kf1 exd4 36. Qxd4 Re8 37. Nf4 Qb5+ 38. c4 Qc6 39. b3 Kg7 40. Nd5 Qe6 41. Qd2 Qf5+ 42. Nf4 Re4 43. Kg1 Rxf4 44. Qe2 Qb1+ 0-1


[Site "https://www.chess.com"]

[Event "Titled Tuesday Blitz January 10 Late 2023"]
[White "Baskin, Robert"]
[Black "Al-Tarboush, Ward"]
[WhiteFideId "24662402"]
[BlackFideId "7601450"]
[WhiteElo "2442"]
[BlackElo "2256"]
[Result "1-0"]
[Round "08"]
[TimeControl "180+2"]
[Date "2023.01.10"]
[WhiteClock "0:00:08"]
[BlackClock "0:00:08"]

1. d4 Nf6 2. c4 g6 3. g3 Bg7 4. Bg2 d5 5. cxd5 Nxd5 6. Nf3 Bg4 7. Ne5 Bxe5 8. dxe5 c6 9. Bh6 Qa5+ 10. Nd2 Nd7 11. h3 Be6 12. O-O O-O-O 13. Nc4 Qb4 14. Rc1 Kb8 15. a3 Qb5 16. Qc2 N7b6 17. b3 Rhg8 18. Bd2 h5 19. Rfd1 g5 20. Be1 h4 21. g4 Nf4 22. Rxd8+ Rxd8 23. Bf1 Nxc4 24. bxc4 Qxe5 25. e3 Ng6 26. Rb1 f5 27. Bc3 Qc7 28. gxf5 Ne5 29. Bxe5 Qxe5 30. fxe6 Qxe6 31. Bg2 g4 32. c5 gxh3 33. Bf3 Qf6 34. Qb2 Qg6+ 35. Kh2 Rd7 36. Qh8+ Kc7 37. Qe5+ Kc8 38. Rg1 Qf7 39. Qe4 Kc7 40. Qf4+ Qxf4+ 41. exf4 Rd3 42. Bg4 Rxa3 43. Bxh3 Rf3 44. Rd1 Rxf2+ 45. Kg1 Rf3 46. Rd7+ Kc8 47. Rd3+ Rxh3 48. Rxh3 b5 49. cxb6 axb6 50. Rxh4 c5 51. Kf2 b5 52. Ke3 Kd7 53. Rh5 Kd6 54. Kd3 e6 55. Re5 Kd7 56. Rxc5 1-0


[Site "https://www.chess.com"]